 Dungeon Crawl Stone Soup version 0.28.0 (webtiles) character file.

Game seed: 1620754470263481687

74 Host24 the Bolt Thrower (level 4, -6/28 HPs)
             Began as a Kobold Hunter on Feb 5, 2022.
             Mangled by an ice beast (14 damage)
             ... on level 3 of the Dungeon.
             The game lasted 00:04:14 (2688 turns).

Host24 the Bolt Thrower (Kobold Hunter)             Turns: 2688, Time: 00:04:15

Health: -6/28      AC:  4    Str: 11    XL:     4   Next: 52%
Magic:  4/4        EV: 14    Int: 12    God:
Gold:   101        SH:  0    Dex: 15    Spells: 3/3 levels left

rFire   . . .      SeeInvis .   a - +1 hand crossbow
rCold   . . .      Faith    .   (no shield)
rNeg    . . .      Spirit   .   c - +0 leather armour
rPois   .          Reflect  .   (no helmet)
rElec   .          Harm     .   (no cloak)
rCorr   .          Rampage  .   (no gloves)
Will    .....                   r - +0 pair of boots
Stlth   +++.......              (no amulet)
HPRegen 0.09/turn               (no ring)
MPRegen 0.09/turn               (no ring)

@: no status effects
A: small, no large weapons, nightstalker 3
a: no special abilities


You were on level 3 of the Dungeon.
You visited 1 branch of the dungeon, and saw 3 of its levels.

You collected 101 gold pieces.

Inventory:

Hand Weapons
 a - a +1 hand crossbow (weapon)
 t - a +2 vorpal long sword
Missiles
 d - 24 bolts (quivered ammo)
 k - 29 stones
 o - 3 large rocks
 p - 32 arrows
Armour
 c - a +0 leather armour (worn)
 r - a +0 pair of boots (worn)
Jewellery
 f - a ring of magical power
Scrolls
 b - a scroll of vulnerability {unknown}
 g - a scroll of amnesia {unknown}
 h - 2 scrolls of teleportation {unknown}
 n - 2 scrolls of fear {unknown}
 q - 2 scrolls of identify {unknown}
Potions
 e - 2 potions of curing {unknown}
 i - a potion of resistance {unknown}
 j - a potion of heal wounds {unknown}
 l - 3 potions of invisibility {unknown}
 m - a potion of ambrosia {unknown}
 s - a potion of flight {unknown}


   Skills:
 - Level 3.0 Fighting
 + Level 6.1 Crossbows
 - Level 3.0 Dodging
 - Level 1.3 Stealth


You had 3 spell levels left.
You didn't know any spells.
Your spell library contained the following spells:

 Spells                   Type           Power      Damage    Failure   Level
 Summon Guardian Golem    Hex/Summ       0%         N/A       78%         3
 Orb of Destruction       Conj           0%         9d5       100%        7
 Spellforged Servitor     Conj/Summ      0%         N/A       100%        7


Dungeon Overview and Level Annotations

Branches:
Dungeon (3/15)

Altars:
Uskayaw

Annotations:
D:3 Sigmund


Innate Abilities, Weirdness & Mutations

You are small and have problems with some larger weapons.
You are completely attuned to the shadows.


Message History

Press: ? - help, Q - select action, (/) - cycle Shift-Dir - straight line, f/p - ice beast
Aim: an ice beast (lightly wounded, 67% to hit)
You shoot a bolt. The bolt hits the ice beast.
The ice beast is moderately wounded.
The ice beast barely misses you.
Fire: 29 bolts
Press: ? - help, Q - select action, (/) - cycle Shift-Dir - straight line, f/p - ice beast
Aim: an ice beast (moderately wounded, 67% to hit)
You shoot a bolt.
The bolt hits the ice beast but does no damage.
The ice beast is moderately wounded.
The ice beast hits you but does no damage.
Fire: 28 bolts
Press: ? - help, Q - select action, (/) - cycle Shift-Dir - straight line, f/p - ice beast
Aim: an ice beast (moderately wounded, 67% to hit)
You shoot a bolt.
The bolt hits the ice beast but does no damage.
The ice beast is moderately wounded.
The ice beast hits you. The ice beast freezes you!
Fire: 27 bolts
Press: ? - help, Q - select action, (/) - cycle Shift-Dir - straight line, f/p - ice beast
Aim: an ice beast (moderately wounded, 67% to hit)
You shoot a bolt. The bolt hits the ice beast.
The ice beast is moderately wounded.
The ice beast hits you. The ice beast freezes you!
Fire: 26 bolts
Press: ? - help, Q - select action, (/) - cycle Shift-Dir - straight line, f/p - ice beast
Aim: an ice beast (moderately wounded, 67% to hit)
You shoot a bolt. The bolt closely misses the ice beast.
The ice beast hits you but does no damage.
The ice beast barely misses you.
Fire: 25 bolts
Press: ? - help, Q - select action, (/) - cycle Shift-Dir - straight line, f/p - ice beast
Aim: an ice beast (moderately wounded, 67% to hit)
You shoot a bolt. The bolt barely misses the ice beast.
The ice beast hits you.
* * * LOW HITPOINT WARNING * * *
The ice beast freezes you!
Ouch! That really hurt!
You die...

###.#.# #.................#
....#.# #####...........###.#.#
##..#.#####...............##.###.
#..........###..#..Y.......#
#.##..........†.#######..##.#
##...........##.########..#
.....§≈.........(.........#
#..._§≈..♣♣..###Y#######.##
.....§≈..♣♣..# #@# #.#
#..§≈§§..♣♣..# #....# #.#
#...§§§..♣ #..#.. .# #........
#... # #...♣♣ ..#.#


You could see an ice beast.

Vanquished Creatures
  2 adders (D:2)
  A worm (D:3)
  4 bats
  3 endoplasms
  5 giant cockroaches (D:1)
  7 hobgoblins
  3 jackals (D:1)
  5 kobolds
  3 quokkas
  2 ball pythons
  5 frilled lizards
  5 goblins
  4 rats
49 creatures vanquished.

Notes
Turn   | Place    | Note
-------+----------+-------------------------------------------
     0 | D:1      | Host24 the Kobold Hunter began the quest for the Orb.
     0 | D:1      | Reached XP level 1. HP: 12/12 MP: 1/1
    13 | D:1      | Found a faded altar of an unknown god.
   277 | D:1      | Reached skill level 5 in Crossbows
   306 | D:1      | Reached XP level 2. HP: 18/18 MP: 2/2
   707 | D:1      | Reached XP level 3. HP: 21/23 MP: 3/3
  1237 | D:2      | Reached XP level 4. HP: 28/28 MP: 4/4
  2088 | D:3      | Noticed Sigmund
  2126 | D:3      | Reached skill level 6 in Crossbows
  2222 | D:3      | Noticed an ice beast
  2450 | D:3      | Found a hide-covered altar of Uskayaw.
  2468 | D:3      | Noticed an ice beast
  2688 | D:3      | Mangled by an ice beast

Illustrated notes

Levels and vault maps discovered:
D:1:      doesnt_arrival_eight_statues, layout_rooms,
          chequers_ecumenical_altar_simple_redux, serial_bayou_pond_b,
          minmay_worlds_worst_comb
D:2:      layout_loops_ring
D:3:      layout_loops_ring, mainiacjoe_overflow_chevrons, uniq_sigmund

Skill      XL: |  1  2  3  4 |
---------------+-------------+-----
Crossbows      | 5 6 |  6.1
Fighting       | 3 |  3.0
Dodging        | 3 |  3.0
Stealth        | |  1.3

Action                   |  1- 3 |  4- 6 || total
-------------------------+-------+-------++-------
Melee: Short sword       |    84 |    34 ||   118
       Long sword        |       |    31 ||    31
       Punch             |       |     1 ||     1
 Fire: Hand crossbow     |     5 |     8 ||    13
 Stab: Sleeping          |    10 |    10 ||    20
Armor: Leather armour    |    18 |    16 ||    34
Dodge: Dodged            |    72 |    48 ||   120
